[Event "Late-Titled-Tuesday-Blitz-June-18-2024"]
[Site "Chess.com"]
[Date "2024.06.18"]
[Round "1"]
[White "tgpgoat"]
[Black "Sanan_Sjugirov"]
[Result "0-1"]
[WhiteElo "2502"]
[BlackElo "2963"]
[TimeControl "180+1"]
[EndTime "14:07:18 PDT"]
[Termination "Sanan_Sjugirov won by resignation"]

1. Nf3 Nf6 2. d4 e6 3. g3 b5 4.
Bg2 Bb7 5. O-O Be7 6. a4 b4 7. c4 bxc3 8. Nxc3 O-O 9. Qc2 d5 10. Bf4 a5 11. Ne5 Na6 12. Rac1 Nb4 13. Qd2 Rc8 14.
Rfe1 h6 15. h4 c5 16. Nb5 c4 17. Nxc4 Na2 18. Ncd6 Rxc1 19. Rxc1 Nxc1 20. Nxb7 Qb6 21.
Nc5 Na2 22. Bc7 Qc6 23. Bxa5 Bxc5 24. dxc5 Qxc5 25. e3 Rc8 26. Bf1 Ne4 27. Qd4 Qc2 28. Be1 Qb1 29. Bc3 Naxc3 30. Nxc3 Rxc3 31. bxc3 Qb2 32. Bg2 Qxf2+ 33. Kh1 Nxg3+ 34. Kh2 Nf1+ 35. Kh1 Nxe3 36.
Qg4 Nxg4 0-1

[Event "Late-Titled-Tuesday-Blitz-June-18-2024"]
[Site "Chess.com"]
[Date "2024.06.18"]
[Round "1"]
[White "Jarming"]
[Black "Viktor_Poddubnyi"]
[Result "1-0"]
[WhiteElo "2640"]
[BlackElo "2330"]
[TimeControl "180+1"]
[EndTime "14:07:18 PDT"]
[Termination "Jarming won on time"]

1. e4 g6 2. d4 Bg7 3. Nc3 d6 4. g3 Nd7 5. Bg2 c5 6. Nge2 cxd4 7. Nxd4 Ngf6 8. O-O O-O 9. Re1 a6 10. h3 Qc7 11.
Nd5 Nxd5 12. exd5 Nf6 13. Qd3 Re8 14. c4 Bd7 15. a4 Rac8 16. b3 e6 17. dxe6 fxe6 18.
Ba3 d5 19. c5 e5 20. Ne2 Bc6 21. Rad1 Rcd8 22. g4 d4 23. Bxc6 Qxc6 24. Qc4+ Kh8 25.
Bc1 Nd5 26. Bg5 Bf6 27. Bc1 Bh4 28. Ng3 Bxg3 29. fxg3 Nc3 30. Rd3 Qd7 31. Bg5 Qd5 32.
Bxd8 Qxd8 33. Rxd4 exd4 34. Rxe8+ Qxe8 35. Qxd4+ Kg8 36. Qxc3 Qe2 37. Qc4+ Qxc4 38. bxc4 Kf7 39. Kf2 Ke6 40. Ke3 Ke5 41. h4 h6 42. Kd3 g5 43.
hxg5 hxg5 44. Ke3 1-0

[Event "Late-Titled-Tuesday-Blitz-June-18-2024"]
[Site "Chess.com"]
[Date "2024.06.18"]
[Round "1"]
[White "EternalNight8"]
[Black "GothamChess"]
[Result "1-0"]
[WhiteElo "2423"]
[BlackElo "2713"]
[TimeControl "180+1"]
[EndTime "14:07:19 PDT"]
[Termination "EternalNight8 won on time"]

1. e4 d5 2. exd5 Qxd5 3. Nc3 Qd6 4. d4 Nf6 5. Bd3 g6 6. Nge2 Bg7 7. Bf4 Qd8 8. O-O c6 9. Ne4 Nbd7 10. Nxf6+ Nxf6 11. c3 O-O 12. Qc2 Qb6 13. Rfe1 Nd5 14. Bd2 c5 15. dxc5 Qxc5 16. Rad1 Bg4 17. h3 Bxe2 18. Rxe2 Rac8 19. Rde1 e6 20. Be4 Rfd8 21. Qb3 Rd7 22. Bxd5 Qxd5 23. Qxd5 Rxd5 24. Be3 a6 25. Rd2 Rcd8 26. Red1 Rxd2 27.
Rxd2 Rxd2 28. Bxd2 Kf8 29. b3 Ke7 30. c4 Bd4 31.
Kf1 Kd6 32. Ke2 e5 33. f3 f5 34. Kd3 h5 35. Bb4+ Kc6 36. a4 Bb6 37. Bc3 Bc7 38.
b4 Bd6 39. c5 Bc7 40. Kc4 e4 41. fxe4 fxe4 42. b5+ axb5+ 43. axb5+ Kd7 44. Kd4 e3 45. Kxe3 Ke6 46. Ke4 Bd8 47. Be5 Ba5 48. b6 g5 49. c6 1-0

[Event "Late-Titled-Tuesday-Blitz-June-18-2024"]
[Site "Chess.com"]
[Date "2024.06.18"]
[Round "1"]
[White "djano"]
[Black "scabies1"]
[Result "0-1"]
[WhiteElo "2613"]
[BlackElo "2326"]
[TimeControl "180+1"]
[EndTime "14:07:19 PDT"]
[Termination "scabies1 won by checkmate"]

1. e4 c5 2. Nc3 e6 3. f4 a6 4. Nf3 Nc6 5. g3 d5 6. d3 Nf6 7. e5 d4 8. Ne4 Nxe4 9. dxe4 Be7 10. Bg2 O-O 11. O-O b5 12. g4 Qc7 13. g5 Bb7 14. Qe1 Nb4 15. Qf2 Bxe4 16. Bd2 Nxc2 17. Rac1 d3 18. Nh4 Bxg2 19. Qxg2 c4 20. f5 Qxe5 21.
f6 Bc5+ 22. Kh1 Qd5 23. Nf3 Ne3 24. Bxe3 Bxe3 25. Rce1 Bd4 26. fxg7 Bxg7 27. h4 Kh8 28. h5 h6 29. gxh6 Bxh6 30. Re5 Rg8 31. Qh3 Qb7 32.
Qh4 Rg7 33. Qf6 Kh7 34. Kh2 Rag8 35. Rf2 d2 36. Rxd2 Rg3 37. Rf2 R8g4 38. Ng5+ Rxg5 39.
Qxf7+ Qxf7 40. Rxf7+ Rg7 41. Rf6 R3g5 42. Rexe6 Rxh5# 0-1

[Event "Late-Titled-Tuesday-Blitz-June-18-2024"]
[Site "Chess.com"]
[Date "2024.06.18"]
[Round "1"]
[White "Finejupiter"]
[Black "CM_rui"]
[Result "0-1"]
[WhiteElo "1973"]
[BlackElo "2546"]
[TimeControl "180+1"]
[EndTime "14:07:21 PDT"]
[Termination "CM_rui won by checkmate"]

1. e4 e5 2. Nf3 Nc6 3. d4 exd4 4. Nxd4 Bc5 5. Nb3 Bb6 6. Nc3 Nf6 7. Qe2 d6 8. Be3 O-O 9. O-O-O Re8 10. f3 Be6 11. Kb1 Bxe3 12. Qxe3 d5 13. Bb5 a6 14. Bxc6 bxc6 15.
Qc5 Qe7 16. Qxc6 Bd7 17. Qc5 dxe4 18. Nxe4 Nxe4 19. fxe4 Bg4 20. Rde1 a5 21. a4 Qf6 22. Rhf1 Qg6 23. Qxc7 Rab8 24. Qxa5 Rxe4 25. Qc7 Reb4 26. Re3 h5 27. Rc3 Rxb3 28. Rxb3 Rxb3 29. Rxf7 Rb4 30. Re7 Qf6 31. Qd8+ Kh7 32. Qd3+ Bf5 33. Qe2 Qxb2# 0-1

[Event "Late-Titled-Tuesday-Blitz-June-18-2024"]
[Site "Chess.com"]
[Date "2024.06.18"]
[Round "1"]
[White "hblanco"]
[Black "picturesquecheck"]
[Result "1-0"]
[WhiteElo "2706"]
[BlackElo "2381"]
[TimeControl "180+1"]
[EndTime "14:07:22 PDT"]
[Termination "hblanco won by resignation"]

1. d4 d6 2. Nf3 Nf6 3. g3 g6 4. Bg2 Bg7 5. O-O O-O 6. c4 Nc6 7. Nc3 Bg4 8. Be3 Nd7 9. h3 Bxf3 10. Bxf3 e5 11. dxe5 Ndxe5 12. Bd5 Kh8 13. c5 dxc5 14. Bxc5 Re8 15. Qb3 b6 16. Be3 Rb8 17. Rad1 Qc8 18. Bg2 Na5 19. Qc2 Nac4 20. Bf4 c6 21. b3 Na5 22.
Ne4 Nb7 23. Ng5 Kg8 24. Rd2 c5 25. Rfd1 h6 26. Ne4 Qf5 27. e3 g5 28. g4 Qg6 29. Bg3 Kh8 30. Nc3 Qxc2 31. Rxc2 Na5 32. Rcd2 Nac6 33. Nb5 Nb4 34. Nxa7 c4 35. bxc4 Nxc4 36.
Rd7 Ne5 37. Rc7 Nxa2 38. Nb5 Nc3 39. Nxc3 Rbc8 40. Rxc8 Rxc8 41. Nd5 Rc2 42. Bxe5 Bxe5 43. Nxb6 1-0

[Event "Late-Titled-Tuesday-Blitz-June-18-2024"]
[Site "Chess.com"]
[Date "2024.06.18"]
[Round "1"]
[White "fabianvivasz"]
[Black "MITerryble"]
[Result "0-1"]
[WhiteElo "2508"]
[BlackElo "3003"]
[TimeControl "180+1"]
[EndTime "14:07:23 PDT"]
[Termination "MITerryble won by checkmate"]

1. e4 e6 2. d4 d5 3. Bd3 dxe4 4. Bxe4 Nf6 5. Bf3 Nbd7 6. Ne2 e5 7. O-O Bd6 8. Ng3 O-O 9. Nc3 Re8 10. Be3 exd4 11. Bxd4 Ne5 12. Re1 Bd7 13. Bxb7 Rb8 14. Ba6 c5 15.
Be3 Qc7 16. Nge4 Nxe4 17. Nxe4 Bf8 18. Bf4 Bc6 19. Ng3 Rxb2 20. Bd3 g6 21. Be4 Bg7 22. Bxc6 Qxc6 23. Bxe5 Bxe5 24. Qd3 Bd4 25. Rxe8+ Qxe8 26. Rf1 Rxa2 27. h4 h5 28. c3 Bg7 29. Qc4 Qa4 30. Qxc5 Qxh4 31. Qc8+ Kh7 32. Qd7 Qf4 33. Qd5 Ra4 34.
Re1 Bxc3 35. Re3 Ra1+ 36. Kh2 Qh4# 0-1

[Event "Late-Titled-Tuesday-Blitz-June-18-2024"]
[Site "Chess.com"]
[Date "2024.06.18"]
[Round "1"]
[White "aexmi"]
[Black "KingCyber19"]
[Result "0-1"]
[WhiteElo "2278"]
[BlackElo "2617"]
[TimeControl "180+1"]
[EndTime "14:07:24 PDT"]
[Termination "KingCyber19 won by resignation"]

1. d4 d5 2. Bf4 Nf6 3. e3 e6 4. Nf3 c5 5. c3 Bd6 6. Bg3 O-O 7. Nbd2 b6 8. Bd3 Bb7 9. Ne5 Ne4 10. Qc2 f5 11. f4 Nd7 12. Nxe4 dxe4 13. Bc4 Bd5 14. Qb3 Nf6 15. Rd1 cxd4 16. cxd4 Bxc4 17. Nxc4 Nd5 18. O-O Rc8 19. Bf2 Qd7 20. Ne5 Bxe5 21. dxe5 Rc7 22. Rc1 Rfc8 23. Rxc7 Qxc7 24. Rd1 Qc2 25. Qxc2 Rxc2 26.
Rb1 Nb4 27. Be1 Nd3 28. Bc3 a5 29. Bd4 b5 30. a3 b4 31. axb4 axb4 32. h3 g5 33.
fxg5 f4 34. exf4 Nxf4 35. Bf2 Kg7 36. Ra1 Rxb2 37. Ra7+ Kg6 38. h4 b3 39. g4 Nh3+ 40. Kg2 Nxf2 41. h5+ Kxg5 42. Rg7+ Kf4 0-1

[Event "Late-Titled-Tuesday-Blitz-June-18-2024"]
[Site "Chess.com"]
[Date "2024.06.18"]
[Round "1"]
[White "jbking07"]
[Black "Nicolik"]
[Result "1/2-1/2"]
[WhiteElo "2363"]
[BlackElo "2650"]
[TimeControl "180+1"]
[EndTime "14:07:26 PDT"]
[Termination "Game drawn - insufficient material"]

1. e4 c5 2. Nf3 Nc6 3. Bb5 g6 4. O-O Bg7 5. c3 Nf6 6. Qe2 O-O 7. d4 d5 8. e5 Ne4 9. Rd1 Qb6 10. Be3 c4 11. Bxc6 bxc6 12. Ne1 f5 13. f3 f4 14. fxe4 fxe3 15. Qxe3 Qxb2 16. Nd2 Bg4 17. Nef3 Rab8 18.
Rab1 Qc2 19. Rbc1 Qd3 20. Qxd3 cxd3 21. h3 Be6 22. Ng5 Bc8 23. exd5 cxd5 24. Ndf3 Bh6 25. h4 Bf5 26. Rb1 Rfc8 27. Rxb8 Rxb8 28. Ne1 Bxg5 29. hxg5 Rb2 30. Nxd3 Bxd3 31. Rxd3 Rxa2 32. e6 Re2 33. c4 Rxe6 34. c5 Rc6 35. Ra3 a6 36.
Re3 Kf7 37. Kf2 a5 38. Ra3 Ra6 39. Ke3 Ke6 40. Kf4 a4 41. g4 Ra8 42. Re3+ Kd7 43.
Ra3 Ke6 44. Re3+ Kd7 45. Ra3 Kc6 46. Ke5 Kb5 47. Kxd5 Kb4 48. Ra1 Rd8+ 49. Ke5 a3 50. c6 Kb3 51. d5 Kb2 52. Rh1 a2 53. c7 Rc8 54. d6 exd6+ 55. Kxd6 a1=Q 56. Rxa1 Kxa1 57. Kd7 Ra8 58. c8=Q Rxc8 59. Kxc8 Kb2 60. Kd7 Kc3 61. Ke7 Kd4 62. Kf7 Ke5 63. Kg7 Kf4 64. Kxh7 Kxg5 65. Kg7 Kxg4 66. Kxg6 1/2-1/2

[Event "Late-Titled-Tuesday-Blitz-June-18-2024"]
[Site "Chess.com"]
[Date "2024.06.18"]
[Round "1"]
[White "Sanyura"]
[Black "HansOnTwitch"]
[Result "0-1"]
[WhiteElo "2531"]
[BlackElo "3134"]
[TimeControl "180+1"]
[EndTime "14:07:28 PDT"]
[Termination "HansOnTwitch won by checkmate"]

1. e4 c6 2. d4 d5 3. e5 Bf5 4.
c4 e6 5. h4 h6 6. Nc3 Ne7 7. Nge2 Nd7 8. Ng3 Bh7 9. a3 dxc4 10. Bxc4 Nb6 11. Ba2 Ned5 12. Qg4 Qd7 13. O-O O-O-O 14. Rd1 Rg8 15. Nce4 f5 16. exf6 gxf6 17.
Qf3 Qg7 18. Nh5 Bxe4 19. Qxe4 Qf7 20. Nf4 Re8 21. Re1 Bd6 22. a4 Bxf4 23. Bxf4 Rg4 24. a5 Rxf4 25. Qe2 Nd7 26. Bxd5 cxd5 27. Rac1+ Kd8 28. Qc2 Ke7 29. Qc7 Rg4 30. Re2 Re4 31. Rxe4 dxe4 32. Qxb7 Rd8 33. Qxa7 Qg6 34. b4 Rg8 35. g3 e3 36. Rc7 exf2+ 37. Kf1 Qd3+ 38. Kxf2 Qxg3+ 39. Ke2 Qg2+ 40. Kd3 Rg3+ 41. Kc4 Qd5# 0-1

[Event "Late-Titled-Tuesday-Blitz-June-18-2024"]
[Site "Chess.com"]
[Date "2024.06.18"]
[Round "1"]
[White "ChessSG1"]
[Black "sergiochess83"]
[Result "1/2-1/2"]
[WhiteElo "2494"]
[BlackElo "2875"]
[TimeControl "180+1"]
[EndTime "14:07:29 PDT"]
[Termination "Game drawn by repetition"]

1. c4 e5 2. g3 Nf6 3. Bg2 c6 4. Nf3 e4 5. Nd4 d5 6. d3 Bb4+ 7. Nc3 c5 8. Nc2 Bxc3+ 9. bxc3 dxc4 10. dxe4 Qxd1+ 11. Kxd1 O-O 12. Ne3 Be6 13. e5 Rd8+ 14. Kc2 Nd5 15. Nxd5 Rxd5 16. Bxd5 Bxd5 17. f3 Nc6 18.
Rd1 Be6 19. Bf4 b5 20. Rd6 Rc8 21. Rad1 h6 22. h4 b4 23. Be3 Kh7 24. Bxc5 b3+ 25. Kb2 Nxe5 26. Bd4 Nc6 27. axb3 cxb3 28. Ra1 a5 29.
Rxc6 Rxc6 30. Rxa5 Bc4 31. e4 f6 32. f4 Kg6 33.
Ra7 Kh5 34. Rxg7 Ra6 35. Ra7 Rxa7 36. Bxa7 Kg4 37. Bf2 Kf3 38. Bd4 Kxe4 39. Bxf6 h5 40. Be5 Kf3 41. f5 Ke4 42. Bf4 Kxf5 43. Bb8 Kg4 44.
Bf4 Kf3 45. Bb8 Kg4 46. Bf4 Kf3 47. Bb8 Kg4 1/2-1/2

[Event "Late-Titled-Tuesday-Blitz-June-18-2024"]
[Site "Chess.com"]
[Date "2024.06.18"]
[Round "1"]
[White "i_like_explosions"]
[Black "Evan_Attaker"]
[Result "0-1"]
[WhiteElo "2420"]
[BlackElo "2752"]
[TimeControl "180+1"]
[EndTime "14:07:29 PDT"]
[Termination "Evan_Attaker won by resignation"]

1. d4 c5 2. d5 g6 3. c4 Bg7 4.
Nc3 d6 5. Nf3 Nf6 6. e4 O-O 7.
Bd3 Na6 8. O-O Nc7 9. h3 a6 10. a4 Rb8 11. Be3 Bd7 12. a5 b5 13.
axb6 Rxb6 14. Qd2 Qb8 15. Na4 Bxa4 16. Rxa4 Rxb2 17. Qc1 Qb3 18. Qd1 Rb8 19. Qxb3 R8xb3 20. Rd1 Nd7 21. Bf1 Rb1 22. Rxb1 Rxb1 23. Nd2 Rb2 24. Ra3 h5 25. Nb3 Bf6 26. Na5 Rb1 27. g3 Ne5 28.
Kg2 Nd7 29. Bd3 Rb2 30. Bc1 Rb6 31. Nc6 Ne5 32. Be2 Nxc6 33. dxc6 Rxc6 34. Rb3 Ne6 35.
Rb8+ Kg7 36. Bd2 Nd4 37. Bd3 Rc7 38. Ba5 Rd7 39. Ra8 Rb7 40. Rxa6 Rb3 41. Bf1 Ne6 42. Rb6 Ra3 43. Bd2 Ra2 44. Be1 h4 45. Rb1 hxg3 46.
Kxg3 Be5+ 47. Kg2 Nf4+ 48. Kg1 g5 49. Rd1 Bd4 50. Bg2 Kf6 51. Bf1 Ke5 52. Bd2 e6 53.
Bc1 Rxf2 0-1

[Event "Late-Titled-Tuesday-Blitz-June-18-2024"]
[Site "Chess.com"]
[Date "2024.06.18"]
[Round "1"]
[White "AlivodicDario"]
[Black "Mikhail_Golubev"]
[Result "0-1"]
[WhiteElo "2358"]
[BlackElo "2663"]
[TimeControl "180+1"]
[EndTime "14:07:29 PDT"]
[Termination "Mikhail_Golubev won on time"]

1. d4 Nf6 2. c4 d6 3. Nc3 g6 4. e4 Bg7 5. Nge2 Nbd7 6. Ng3 e5 7. d5 h5 8. Bg5 Bh6 9. Bxh6 Rxh6 10. Qd2 Rh8 11.
O-O-O a5 12. Bd3 Nc5 13. Rhf1 h4 14. Nge2 Nh5 15. f4 exf4 16. Nxf4 Qg5 17. Bc2 Bd7 18.
Kb1 Nxf4 19. Rxf4 f6 20. Qf2 Ke7 21. Rf1 Raf8 22. Nd1 Qe5 23. Rxh4 Rxh4 24. Qxh4 b5 25. Qh7+ Rf7 26. Qxg6 bxc4 27. Ne3 c3 28. Bd1 Nxe4 29. Bh5 Be8 30. Nc4 Qd4 31. Re1 f5 32. Qg5+ Kf8 33.
Qh6+ Kg8 34. Bxf7+ Bxf7 35. Qh4 Nd2+ 36. Nxd2 Qxh4 37.
Nf3 Qf2 38. bxc3 f4 39. Rc1 Bg6+ 0-1

[Event "Late-Titled-Tuesday-Blitz-June-18-2024"]
[Site "Chess.com"]
[Date "2024.06.18"]
[Round "1"]
[White "Atanejhad"]
[Black "Gyulamiryan-koryun"]
[Result "1-0"]
[WhiteElo "2535"]
[BlackElo "1664"]
[TimeControl "180+1"]
[EndTime "14:07:29 PDT"]
[Termination "Atanejhad won on time"]

1. d4 Nf6 2. c4 c5 3. d5 b5 4. cxb5 a6 5. bxa6 Bxa6 6. Nc3 g6 7. Nf3 Bg7 8. g3 O-O 9. Bg2 d6 10. O-O Nbd7 11. Re1 Qa5 12. Bd2 Rfb8 13. b3 Ng4 14. Qc2 Nge5 15. Nxe5 Nxe5 16. h3 Qc7 17. f4 Nd7 18. Rab1 Bc8 19. e4 Nb6 20. Kh2 c4 21. b4 Bd7 22. b5 Ra3 23. Re3 Rba8 24. Rb2 Bd4 25. Re2 Na4 26. b6 Qc5 27. Nxa4 Bxa4 28. Bb4 Bxc2 29. Bxc5 Bxc5 30. Rexc2 Rb8 31. b7 Ra7 32.
Rxc4 Raxb7 33. Rxb7 Rxb7 34. Rc2 Rb4 35. Bf3 Ra4 36. Kg2 Kg7 37. h4 h5 38. Bd1 Ra3 39.
Re2 Bd4 40. Bb3 f6 41. Kf3 Ba1 42. Rc2 1-0

[Event "Late-Titled-Tuesday-Blitz-June-18-2024"]
[Site "Chess.com"]
[Date "2024.06.18"]
[Round "1"]
[White "Dexter_Dyke"]
[Black "Fandorine"]
[Result "1/2-1/2"]
[WhiteElo "2505"]
[BlackElo "2918"]
[TimeControl "180+1"]
[EndTime "14:07:31 PDT"]
[Termination "Game drawn by agreement"]

1. e4 e5 2. Nf3 Nc6 3. Nc3 g6 4.
Bb5 Bg7 5. O-O Nge7 6. d3 d6 7. Be3 O-O 8. Qd2 Nd4 9. Bxd4 exd4 10. Ne2 c5 11. Bc4 Nc6 12. a3 Bg4 13. Ne1 Be6 14.
f4 Bxc4 15. dxc4 Qe7 16. Ng3 Rae8 17. Nd3 f5 18. Rae1 Qf7 19. exf5 gxf5 20. b3 a6 21. Rxe8 Rxe8 22. Re1 Re3 23. Nf1 Rxe1 24. Qxe1 Qe7 25.
Qxe7 Nxe7 26. Kf2 Kf7 27. Kf3 h5 28. g3 Bf6 29. h3 Ke6 30. g4 hxg4+ 31. hxg4 fxg4+ 32. Kxg4 Nf5 33. Kf3 b5 34. cxb5 axb5 35. a4 bxa4 36.
bxa4 c4 37. Nb4 Bd8 38. Ke4 Ba5 39. Nc6 d5+ 40. Kf3 Bc7 41. Ng3 d3 42. Nxf5 Kxf5 43. cxd3 cxd3 44. Ke3 Bxf4+ 45. Kxd3 Bc7 46. Ne7+ Ke6 47.
Nxd5 Kxd5 48. Kc3 Ba5+ 49. Kb3 Kc5 50. Kc2 Kd4 51. Kb3 Kd3 52. Kb2 1/2-1/2

[Event "Late-Titled-Tuesday-Blitz-June-18-2024"]
[Site "Chess.com"]
[Date "2024.06.18"]
[Round "1"]
[White "Kaustubh_Kodihalli"]
[Black "juancruzarias"]
[Result "1-0"]
[WhiteElo "2360"]
[BlackElo "2633"]
[TimeControl "180+1"]
[EndTime "14:07:33 PDT"]
[Termination "Kaustubh_Kodihalli won by resignation"]

1. e4 c6 2. d4 d5 3. e5 c5 4.
dxc5 e6 5. Nf3 Bxc5 6. Bd3 f6 7.
O-O Nc6 8. Re1 fxe5 9. Nxe5 Nxe5 10. Rxe5 Bxf2+ 11. Kh1 Qf6 12. Qe2 Ne7 13. Bg5 Qf7 14.
Bxe7 Kxe7 15. Rxd5 Bb6 16. Nc3 Bd7 17. Re1 Rad8 18.
Re5 Bc8 19. Nd5+ Kd6 20. Nxb6 axb6 21. Qe3 Kc7 22. Bc4 Rd6 23. h3 Rhd8 24. Bd3 g6 25. Rf1 Qe7 26. Qf4 Kb8 27. Qf7 Re8 28. Qxe7 Rxe7 29. Rf8 Kc7 30. Rf6 Bd7 31. Kh2 Rd4 32. Kg3 Kd6 33. Re3 Kc7 34. Rf4 Rd6 35. Rf6 e5 36. Rxd6 Kxd6 37. Kh4 Bc6 38. g3 Rf7 39.
Kg5 Rf3 40. Rxf3 Bxf3 41. Bf1 h6+ 42. Kxh6 e4 43. Kxg6 e3 44. h4 e2 45. Bxe2 Bxe2 46.
h5 Bd1 47. c3 Bc2+ 48. Kg7 Ke5 49. h6 b5 50. h7 Bxh7 51. Kxh7 Kf5 52. Kg7 Ke4 53.
Kf6 Kd3 54. g4 Kc2 55. g5 Kxb2 56. g6 b4 57. cxb4 1-0

[Event "Late-Titled-Tuesday-Blitz-June-18-2024"]
[Site "Chess.com"]
[Date "2024.06.18"]
[Round "1"]
[White "Dr_troll"]
[Black "rionelG"]
[Result "1-0"]
[WhiteElo "2647"]
[BlackElo "2344"]
[TimeControl "180+1"]
[EndTime "14:07:35 PDT"]
[Termination "Dr_troll won by checkmate"]

1. Nf3 Nf6 2. b3 g6 3. Bb2 Bg7 4. g4 O-O 5. g5 Nh5 6. Bxg7 Nxg7 7. e3 d6 8. Be2 e5 9. Nc3 Nd7 10. h4 f5 11. d3 c6 12. Qd2 Qa5 13. O-O-O Qa3+ 14. Kb1 a5 15. Qc1 Qb4 16. Qb2 a4 17. Nxa4 Rxa4 18.
bxa4 Qa5 19. d4 Nb6 20. c4 Nxa4 21. Qd2 Qb6+ 22. Ka1 e4 23. Rb1 Qa7 24. Ne1 Be6 25.
Nc2 Ra8 26. Nb4 Qa5 27. d5 cxd5 28. cxd5 Bd7 29. h5 Nc5 30. hxg6 hxg6 31. Rh6 Be8 32. Qb2 Na4 33. Qd4 Nc5 34. Qb2 Na4 35. Qf6 Nc5 36. Rbh1 Nb3+ 37. Kb1 Nd2+ 38. Kc2 Qa4+ 39. Kxd2 Qxb4+ 40.
Kc1 Qa3+ 41. Qb2 Rc8+ 42. Kb1 Qa4 43. Rh8+ Kf7 44. Qf6# 1-0

[Event "Late-Titled-Tuesday-Blitz-June-18-2024"]
[Site "Chess.com"]
[Date "2024.06.18"]
[Round "1"]
[White "invisible_s0ul"]
[Black "ellatambien"]
[Result "0-1"]
[WhiteElo "2398"]
[BlackElo "2721"]
[TimeControl "180+1"]
[EndTime "14:07:36 PDT"]
[Termination "ellatambien won by resignation"]

1. e4 e5 2. Nf3 Nc6 3. Bb5 Bc5 4. O-O Qf6 5. c3 Nge7 6. Na3 a6 7. Bxc6 Nxc6 8.
Nc2 d6 9. d4 Ba7 10. Be3 Bg4 11. d5 Ne7 12. Bxa7 Rxa7 13. h3 Bxf3 14. Qxf3 Qxf3 15.
gxf3 O-O 16. Ne3 f5 17. Kh2 Raa8 18. a4 Rf6 19. Nc4 Raf8 20. Kh1 fxe4 21. fxe4 Rxf2 22.
Kg1 Rxf1+ 23. Rxf1 Rxf1+ 24. Kxf1 Kf7 25. Ne3 g6 26.
Kf2 h5 27. Kg3 Ng8 28. h4 Nf6 29. Kf3 Ke7 30. c4 Kd7 31. b4 c6 32. Nf1 cxd5 33. cxd5 Kc7 34. Ne3 Nd7 35. a5 b6 36. Nc4 bxa5 37.
bxa5 Nc5 38. Ke3 Kd7 39. Nb6+ Kc7 40. Nc4 Nb7 41. Kf3 Kd7 42. Ke3 Ke7 43. Kf3 Kf6 44. Kg3 g5 45. Nb6 gxh4+ 46. Kh3 Nc5 47. Nc8 Nxe4 48.
Kxh4 Kg6 49. Ne7+ Kf7 50. Nf5 Kf6 51. Ne3 Nc5 52. Kxh5 Nb3 53. Nc4 Ke7 54. Kg5 Nd4 55. Kg4 Nb5 56. Kf3 Nc3 57. Nb6 Kf6 58. Ke3 Kf5 59. Kd3 Nb5 60. Nc8 e4+ 61. Ke3 Ke5 62.
Ne7 Nc3 63. Nc6+ Kxd5 64. Nb4+ Kc4 65. Nxa6 d5 66. Nc7 d4+ 67. Kd2 e3+ 68. Ke1 d3 69. a6 d2+ 70. Kf1 d1=Q+ 71. Kg2 Qg4+ 0-1

[Event "Late-Titled-Tuesday-Blitz-June-18-2024"]
[Site "Chess.com"]
[Date "2024.06.18"]
[Round "1"]
[White "Rakitic2010"]
[Black "yoursillykitten"]
[Result "0-1"]
[WhiteElo "2478"]
[BlackElo "2849"]
[TimeControl "180+1"]
[EndTime "14:07:38 PDT"]
[Termination "yoursillykitten won by checkmate"]

1. e4 d5 2. exd5 Nf6 3. Nc3 Nxd5 4. Nxd5 Qxd5 5. Qf3 c6 6. Qxd5 cxd5 7. d4 Nc6 8. c3 Bf5 9. Nf3 e6 10. Bf4 f6 11.
Kd2 g5 12. Bg3 h5 13. h4 g4 14. Ne1 Bh6+ 15. Kd1 e5 16. dxe5 fxe5 17. Bb5 O-O 18.
Bxc6 bxc6 19. Bxe5 c5 20. Bd6 Rfc8 21. Nc2 Rc6 22. Be7 Be4 23. Bg5 Bxg2 24. Rh2 Bf3+ 25. Kd2 Bg7 26. Ne1 Be4 27. f3 gxf3 28. Rf2 Rf8 29.
Nd3 Kh7 30. Nf4 Be5 31. Nxh5 Bg6 32. Re1 Rf5 33. Rxe5 Rxe5 34. Nf6+ Kg7 35. Rxf3 d4 36.
Nd7 Rf5 37. Bf6+ Rcxf6 38. Rg3 Rf2+ 39. Kc1 Rf1+ 40. Kd2 R6f2# 0-1

[Event "Late-Titled-Tuesday-Blitz-June-18-2024"]
[Site "Chess.com"]
[Date "2024.06.18"]
[Round "1"]
[White "Maus7"]
[Black "ritanovikova"]
[Result "1-0"]
[WhiteElo "2592"]
[BlackElo "2200"]
[TimeControl "180+1"]
[EndTime "14:07:38 PDT"]
[Termination "Maus7 won by checkmate"]

1. e4 e5 2. Nf3 Nf6 3. Nxe5 d6 4. Nf3 Nxe4 5. Nc3 Nxc3 6. dxc3 Bf5 7. Be3 Be7 8. Nd4 Bg6 9. Bd3 O-O 10. h4 Bxh4 11.
Qg4 Bf6 12. Bxg6 fxg6 13. Ne6 Qd7 14. Qh3 Re8 15. Qxh7+ Kf7 16. Nf4 Qf5 17. O-O-O Nd7 18. Rh6 Nf8 19. Qh8 gxh6 20. Qxh6 Bg5 21. Qh2 Bxf4 22.
Bxf4 Ne6 23. Qh7+ Kf6 24. Be3 Rh8 25. Qd7 Rad8 26. Qa4 a6 27. g4 Qf3 28. g5+ Kf7 29. b3 Rh1 30. Rxh1 Qxh1+ 31. Kb2 Qf3 32. Qh4 Kg7 33. Qh6+ Kf7 34. Qh7+ Ke8 35. Qxg6+ Qf7 36. Qe4 c6 37. g6 Qg8 38. f4 d5 39. Qe5 Kd7 40. f5 Re8 41. Bb6 Nd8 42. Qc7# 1-0

[Event "Late-Titled-Tuesday-Blitz-June-18-2024"]
[Site "Chess.com"]
[Date "2024.06.18"]
[Round "1"]
[White "Journey_to_GrandMaster_YT"]
[Black "JunjiCol"]
[Result "1-0"]
[WhiteElo "2635"]
[BlackElo "2316"]
[TimeControl "180+1"]
[EndTime "14:07:41 PDT"]
[Termination "Journey_to_GrandMaster_YT won by checkmate"]

1. d4 d5 2. c4 e6 3. Nc3 c5 4.
cxd5 cxd4 5. Qxd4 Nc6 6. Qd1 exd5 7. Qxd5 Qc7 8. Nf3 Nf6 9. Qb3 Be6 10. Qa4 O-O-O 11. e3 Bb4 12. Bd2 Bxc3 13. Bxc3 Nd5 14. Rc1 Nxc3 15. Rxc3 Qb6 16. Bb5 a6 17. Bxc6 Qxb2 18.
Qc2 Qxc2 19. Bxb7+ Kxb7 20. Rxc2 Rc8 21. Rb2+ Ka7 22. O-O Rb8 23. Rfb1 Rxb2 24. Rxb2 Rb8 25. Rxb8 Kxb8 26. a3 Kb7 27. Kf1 Kb6 28. Ke2 Ka5 29. Nd4 Ka4 30. Nxe6 fxe6 31. Kd3 Kxa3 32. Kc3 Ka4 33. f4 Kb5 34. e4 Kc5 35. g4 a5 36.
f5 exf5 37. gxf5 Kd6 38. Kd4 a4 39. e5+ Kc6 40. Kc4 a3 41. Kb3 g6 42. f6 Kd7 43.
Kxa3 Ke6 44. Kb3 h6 45. Kc3 g5 46. Kd4 h5 47. Ke4 g4 48. Kf4 Kf7 49. Kf5 Ke8 50. e6 g3 51. hxg3 Kf8 52. Kg5 h4 53. gxh4 Kg8 54. Kg6 Kh8 55. e7 Kg8 56. e8=Q# 1-0

[Event "Late-Titled-Tuesday-Blitz-June-18-2024"]
[Site "Chess.com"]
[Date "2024.06.18"]
[Round "1"]
[White "yaguigor"]
[Black "divudis17"]
[Result "1-0"]
[WhiteElo "2651"]
[BlackElo "2346"]
[TimeControl "180+1"]
[EndTime "14:07:42 PDT"]
[Termination "yaguigor won by resignation"]

1. Nf3 Nf6 2. c4 c5 3. Nc3 Nc6 4. d4 cxd4 5. Nxd4 e6 6. a3 d5 7. cxd5 Nxd5 8. Nxc6 bxc6 9. Qc2 Be7 10. Bd2 O-O 11. e4 Nxc3 12. Bxc3 Qb6 13. Bd3 Ba6 14. O-O Rfd8 15. Rfd1 Bxd3 16. Rxd3 Rxd3 17. Qxd3 Rd8 18. Qg3 Bf8 19. Re1 Qb3 20. Qf3 Qc2 21. e5 Rd3 22.
Qxc6 Rd1 23. Qb5 Rxe1+ 24. Bxe1 Qb1 25. Kf1 Bxa3 26. Qb8+ Bf8 27. h3 h5 28. h4 Qd3+ 29. Kg1 Qe4 30. Bc3 a6 31. Qd8 Qb1+ 32. Kh2 Qe4 33.
Bd4 Qf4+ 34. g3 Qd2 35. Kg2 Qd3 36. Qb6 Qe4+ 37. Kh2 Qd3 38. Be3 Qb5 39. Qd8 Qb3 40.
Bc5 Qxb2 41. Qxf8+ Kh7 42. Qxf7 1-0

[Event "Late-Titled-Tuesday-Blitz-June-18-2024"]
[Site "Chess.com"]
[Date "2024.06.18"]
[Round "1"]
[White "Beaterawn"]
[Black "dozer80"]
[Result "0-1"]
[WhiteElo "2370"]
[BlackElo "2683"]
[TimeControl "180+1"]
[EndTime "14:07:45 PDT"]
[Termination "dozer80 won on time"]

1. e4 d6 2. d4 Nf6 3. Nc3 g6 4. f4 Bg7 5. Nf3 Bg4 6. Bd3 Nfd7 7. Be3 Nc6 8. d5 Nd4 9. O-O Bxf3 10. gxf3 c5 11. Ne2 Nxe2+ 12. Qxe2 a6 13. a4 Nf6 14. Kh1 Nh5 15. Qg2 Bh6 16. Qg4 Qd7 17. Rab1 Rc8 18. b3 Rc7 19. Bc1 O-O 20. f5 Bxc1 21.
Rbxc1 Kh8 22. Rg1 Rg8 23. Rg2 Qe8 24. Rcg1 Qf8 25. f4 Qh6 26. Rf1 Nf6 27. Qg5 Qxg5 28.
fxg5 Nd7 29. fxg6 fxg6 30. Be2 Ne5 31. Bg4 Kg7 32. Be6 Rf8 33. Rxf8 Kxf8 34. c4 b5 35. axb5 axb5 36. Ra2 Kg7 37. Ra8 h6 38. gxh6+ Kxh6 39. cxb5 Rb7 40. Ra5 Nf3 41. Bc8 Rb8 42. Ba6 Nd4 43. Kg2 Nxb3 44. Ra2 Nd4 45. Rb2 Rb6 0-1